 Dungeon Crawl Stone Soup version 0.30-a0-169-g06f667207d (webtiles) character file.

Game seed: 1498999312119346918

506 qw the Chopper (level 7, -4/43 HPs)
             Began as a Gargoyle Fighter on Sept 30, 2022.
             Slain by a lemure (7 damage)
             ... led by Pikel
             ... on level 5 of the Dungeon.
             The game lasted 00:01:16 (4162 turns).

qw the Chopper (Gargoyle Fighter)                   Turns: 4162, Time: 00:01:16

Health: -4/43      AC: 16    Str: 21    XL:     7   Next: 18%
Magic:  7/7        EV:  7    Int:  9    God:
Gold:   244        SH:  4    Dex:  9    Spells: 6/6 levels left

rFire   . . .      SeeInvis +    Y - +2 war axe
rCold   . . .      Faith    .    c - +0 buckler
rNeg    + . .      Spirit   .    n - +0 chain mail
rPois   inf        Reflect  .    (no helmet)
rElec   +          Harm     .    (no cloak)
rCorr   .          Rampage  .    l - +0 pair of gloves
Will    .....                    b - +0 pair of boots
Stlth   ..........               (no amulet)
HPRegen 0.14/turn                j - ring of see invisible
MPRegen 0.10/turn                (no ring)

@: no status effects
A: sickness immunity, AC +4, negative energy resistance 1, electricity
resistance, torment resistance 1, petrification resistance
a: no special abilities


You were on level 5 of the Dungeon.
You visited 1 branch of the dungeon, and saw 5 of its levels.

You collected 244 gold pieces.


Innate Abilities, Weirdness & Mutations

You are immune to sickness and miasma.
Your stone body is resilient. (AC +4)
You are immune to poison.
You resist negative energy. (rN+)
You are resistant to electric shocks. (rElec)
You are resistant to unholy torment.
You are immune to petrification.


   Skills:
 - Level 4.2 Fighting
 - Level 6.3 Axes
 - Level 1.0 Throwing
 - Level 3.2 Armour
 + Level 0.6 Dodging
 - Level 3.2 Shields


You had 6 spell levels left.
You didn't know any spells.
Your spell library was empty.

Inventory:

Hand Weapons
 m - a +0 flail
 Y - a +2 war axe (weapon)
Missiles
 h - 6 javelins (quivered)
 i - 13 boomerangs
Armour
 b - a +0 pair of boots (worn)
 c - a +0 buckler (worn)
 l - a +0 pair of gloves (worn)
 n - a +0 chain mail (worn)
Jewellery
 j - a ring of see invisible (left hand)
Scrolls
 a - a scroll of identify
Potions
 d - a potion of might
 k - 2 potions of curing
 o - a potion of haste {unknown}

Dungeon Overview and Level Annotations

Branches:
Dungeon (5/15)
 Temple: D:4-7

Altars:
Fedhas
Vehumet

Shops:
D:3 [

Annotations:
D:5 Pikel


Message History

The lemure hits you but does no damage.
Pikel hits you with a +1 whip of flaming.
Pikel burns you.
You closely miss the lemure.
The lemure is almost dead.
You barely miss the lemure. You slash Pikel! You completely miss the lemure.
You block the lemure's attack. Pikel hits you but does no damage.
The lemure barely misses you. The lemure hits you.
You slash the lemure!
You kill the lemure!
That felt strangely unrewarding.
You barely miss the lemure. You hit Pikel but do no damage.
You closely miss the lemure. The lemure closely misses you.
Pikel barely misses you. The lemure hits you but does no damage.
You slash the lemure!
You kill the lemure!
That felt strangely unrewarding.
You barely miss the lemure. You closely miss Pikel.
Pikel hits you with a +1 whip of flaming!
Pikel burns you. The lemure barely misses you. Pikel barely misses you.
The lemure hits you but does no damage.
You barely miss Pikel.
Pikel is heavily wounded.
You closely miss the lemure. Pikel hits you but does no damage.
The lemure hits you but does no damage.
You hit Pikel.
Pikel is heavily wounded.
You closely miss the lemure. Pikel hits you but does no damage.
The lemure hits you but does no damage.
You slash Pikel!
Pikel is almost dead.
You barely miss the lemure.
Pikel hits you with a +1 whip of flaming.
Pikel burns you. The lemure hits you but does no damage.
You barely miss Pikel.
Pikel is almost dead.
You miss the lemure.
Pikel hits you with a +1 whip of flaming!
Pikel burns you. The lemure hits you!
You die...

#..# ##.# .##.. #.# .# #.
##.#.. #.# #.# #.. #....#
#.### #.##..# #.... #...#
#.#..# #...# ###.###...#
#...# #.##..# #.5.#
#.#...# #@K.# (
#.....#######...#...K
#...#.%<.##.......#
.....###.##....####.....5
[...## #.....### ......
.... #.##...# =.... ....
#.##...# .$... ....
####...# .... .... #####
....


You could see Pikel (strong) and a lemure.

Vanquished Creatures
  Menkaure (D:5)
  A phantom (D:4)
  3 lemures (D:5)
  A scorpion (D:4)
  An iguana (D:5)
  3 orc wizards
  3 gnolls (D:3)
  5 adders
  2 worms
  2 dart slugs
  5 orcs
  8 ball pythons
  9 endoplasms
  2 giant cockroaches (D:1)
  3 goblins (D:1)
  7 hobgoblins
  3 jackals (D:1)
  7 kobolds
  3 quokkas
  4 bats
  2 frilled lizards (D:3)
  6 rats
81 creatures vanquished.

Notes
Turn   | Place    | Note
-------+----------+-------------------------------------------
     0 | D:1      | qw the Gargoyle Fighter began the quest for the Orb.
     0 | D:1      | Reached XP level 1. HP: 14/14 MP: 1/1
     0 | D:1      | 0 ||| qw: Version: 0.2-a-12-gaebbb33
     0 | D:1      | 0 ||| qw: Game counter: 1417
     0 | D:1      | 0 ||| qw: Always use a shield: true
     0 | D:1      | 0 ||| qw: God list: Okawaru
     0 | D:1      | 0 ||| qw: Allow faded altars: false
     0 | D:1      | 0 ||| qw: Do Orc after D:15 true
     0 | D:1      | 0 ||| qw: Do second Lair branch before Depths: true
     0 | D:1      | 0 ||| qw: Lair rune preference: random
     0 | D:1      | 0 ||| qw: Plans: Normal, Zot:1-4, God:TSO, Crypt, Tomb,
                  | Pan, Slime:5, Hells, Abyss, Orb
     0 | D:1      | 0 ||| PLANNING D:1-11
    55 | D:1      | Reached skill level 2 in Axes
   246 | D:1      | Reached XP level 2. HP: 16/19 MP: 2/2
   516 | D:1      | Reached skill level 3 in Axes
   717 | D:1      | Reached XP level 3. HP: 23/23 MP: 3/3
  1002 | D:1      | 1002 ||| DROPPING orb of light.
  1003 | D:1      | 1003 ||| READING 2 scrolls labelled VIACAT QIXEG.
  1004 | D:1      | 1004 ||| READING scroll labelled HUGIX YDIB.
  1008 | D:1      | 1008 ||| DRINKING 2 fuming sapphire potions.
  1009 | D:1      | 1009 ||| DROPPING potion of degeneration.
  1065 | D:2      | Found a blossoming altar of Fedhas.
  1464 | D:2      | 1464 ||| Stepping ~*~*~tactically~*~*~ (stealth).
  1472 | D:2      | Reached skill level 1 in Throwing
  1472 | D:2      | Reached XP level 4. HP: 28/28 MP: 4/4
  1572 | D:2      | Reached skill level 4 in Axes
  1580 | D:2      | HP: 7/28 [something/magic dart (4)]
  1585 | D:2      | Reached XP level 5. HP: 5/32 MP: 5/5
  1595 | D:2      | HP: 4/32 [kobold/+0 dagger (2)]
  1639 | D:2      | 1639 ||| FLEEEEING.
  1640 | D:2      | 1640 ||| FLEEEEING.
  2137 | D:2      | 2137 ||| UPGRADING to +0 chain mail.
  2147 | D:2      | 2147 ||| DROPPING +0 scale mail.
  2148 | D:2      | 2148 ||| READING scroll labelled XOREIPR BEXA.
  2149 | D:2      | 2149 ||| READING scroll labelled TOVEIL IKUNOP.
  2150 | D:2      | 2150 ||| READING scroll labelled UTATZU BOCK.
  2203 | D:2      | 2203 ||| READING scroll labelled XUOPIT TEUJE.
  2204 | D:2      | 2204 ||| READING scroll labelled OHOZON YSOEREH.
  2256 | D:3      | 2256 ||| Stepping ~*~*~tactically~*~*~ (stealth).
  2258 | D:3      | 2258 ||| Stepping ~*~*~tactically~*~*~ (stealth).
  2345 | D:3      | Found a radiant altar of Vehumet.
  2409 | D:3      | 2409 ||| Stepping ~*~*~tactically~*~*~ (stealth).
  2419 | D:3      | 2419 ||| Stepping ~*~*~tactically~*~*~ (stealth).
  2555 | D:3      | 2555 ||| DROPPING +0 whip.
  2775 | D:3      | 2775 ||| Stepping ~*~*~tactically~*~*~ (stealth).
  2779 | D:3      | 2779 ||| Stepping ~*~*~tactically~*~*~ (stealth).
  2780 | D:3      | 2780 ||| Stepping ~*~*~tactically~*~*~ (stealth).
  3030 | D:3      | Found Xygela's Armour Emporium.
  3039 | D:3      | 3039 ||| SHOPLISTING +2 chain mail of fire resistance (258
                  | gold, have 144).
  3039 | D:3      | 3039 ||| SHOPLISTING +2 pair of gloves (198 gold, have
                  | 144).
  3039 | D:3      | 3039 ||| SHOPLISTING +2 pair of gloves of stealth (258
                  | gold, have 144).
  3091 | D:3      | 3091 ||| Stepping ~*~*~tactically~*~*~ (stealth).
  3093 | D:3      | 3093 ||| Stepping ~*~*~tactically~*~*~ (hiding).
  3096 | D:3      | 3096 ||| Stepping ~*~*~tactically~*~*~ (hiding).
  3097 | D:3      | 3097 ||| Stepping ~*~*~tactically~*~*~ (hiding).
  3109 | D:3      | Reached skill level 5 in Axes
  3109 | D:3      | 3109 ||| Stepping ~*~*~tactically~*~*~ (stealth).
  3320 | D:3      | 3320 ||| UPGRADING to +0 pair of boots.
  3325 | D:3      | 3325 ||| READING scroll labelled DUUCLI BAIPRUOC.
  3326 | D:3      | 3326 ||| READING scroll labelled PYNAES NOUGY.
  3327 | D:3      | 3327 ||| READING scroll labelled TUOPSA VIUNG.
  3328 | D:3      | 3328 ||| DRINKING 2 lumpy brown potions.
  3329 | D:3      | 3329 ||| DRINKING 2 bubbling amethyst potions.
  3330 | D:3      | 3330 ||| READING 2 scrolls of identify.
  3330 | D:3      | 3330 ||| IDENTIFYING ruby potion
  3331 | D:3      | 3331 ||| DROPPING potion of berserk rage.
  3332 | D:3      | 3332 ||| DROPPING potion of flight.
  3451 | D:4      | 3451 ||| Stepping ~*~*~tactically~*~*~ (stealth).
  3465 | D:4      | Reached XP level 6. HP: 34/38 MP: 6/6
  3467 | D:4      | 3467 ||| FLEEEEING.
  3475 | D:4      | 3475 ||| Stepping ~*~*~tactically~*~*~ (stealth).
  3851 | D:4      | 3851 ||| READING scroll of enchant weapon.
  3851 | D:4      | 3851 ||| ENCHANTING +1 war axe.
  3896 | D:4      | 3896 ||| UPGRADING to +0 pair of gloves.
  3901 | D:4      | 3901 ||| UPGRADING to ring of see invisible.
  3902 | D:4      | 3902 ||| READING scroll labelled PIOJIW WONWE.
  3903 | D:4      | 3903 ||| READING 2 scrolls labelled DATSUH LOLO.
  3904 | D:4      | 3904 ||| READING 2 scrolls of identify.
  3904 | D:4      | 3904 ||| IDENTIFYING cyan potion
  3905 | D:4      | 3905 ||| DROPPING scroll of fear.
  3921 | D:5      | Entered Level 5 of the Dungeon
  3921 | D:5      | Noticed Menkaure
  3922 | D:5      | 3922 ||| Stepping ~*~*~tactically~*~*~ (hiding).
  3931 | D:5      | Killed Menkaure
  3932 | D:5      | Reached skill level 6 in Axes
  3932 | D:5      | Reached XP level 7. HP: 23/43 MP: 7/7
  3932 | D:5      | 3932 ||| STAIRDANCE
  4138 | D:5      | Noticed Pikel
  4139 | D:5      | 4139 ||| Stepping ~*~*~tactically~*~*~ (stealth).
  4142 | D:5      | 4142 ||| Stepping ~*~*~tactically~*~*~ (hiding).
  4152 | D:5      | HP: 8/43 [Pikel/+1 whip of flaming (4)]
  4153 | D:5      | 4153 ||| DRINKING potion of heal wounds.
  4162 | D:5      | HP: 7/43 [Pikel/+1 whip of flaming (8)]
  4162 | D:5      | HP: 3/43 [Pikel/+1 whip of flaming (4)]
  4162 | D:5      | Slain by a lemure

Levels and vault maps discovered:
D:1:      dpeg_arrival_three_same_balls, layout_basic
D:2:      kb_forest_paths, layout_basic, basic_altar
D:3:      layout_basic, lemuel_tele_altar, serial_shops, shop
D:4:      layout_cave_pools
D:5:      layout_rooms, uniq_pikel, uniq_menkaure

Skill      XL: |  1  2  3  4  5  6 |
---------------+-------------------+-----
Axes           | 2 3 4 5 6 |  6.3
Throwing       | 1 |  1.0
Fighting       | 4 |  4.2
Armour         | |  3.2
Dodging        | |  0.6
Shields        | |  3.2

Action                   |  1- 3 |  4- 6 |  7- 9 || total
-------------------------+-------+-------+-------++-------
Melee: War axe           |    92 |    88 |    20 ||   200
Throw: Javelin           |     3 |    49 |     4 ||    56
       Boomerang         |       |     2 |       ||     2
  Use: Scroll            |     2 |    13 |       ||    15
       Potion            |     1 |     2 |     1 ||     4
Armor: Scale mail        |    38 |    24 |       ||    62
       Chain mail        |       |    35 |    27 ||    62
Dodge: Dodged            |    41 |    35 |    20 ||    96
Block: Buckler           |    17 |    12 |     4 ||    33

Table legend:
 A = Non-vault XP
 B = Vault XP
 C = Vault XP percentage of total XP
 D = Non-vault monster count
 E = Vault monster count
 F = Vault count percentage of total count
                 A         B        C        D         E       F
            +---------+---------+-------+---------+---------+-------
      Total |     527 |     197 |  27.2 |      71 |       7 |   9.0
            +---------+---------+-------+---------+---------+-------
        D:1 |      46 |       0 |   0.0 |      24 |       0 |   0.0
        D:2 |     113 |      25 |  18.1 |      16 |       6 |  27.3
        D:3 |     115 |       0 |   0.0 |      18 |       0 |   0.0
        D:4 |     216 |       0 |   0.0 |      12 |       0 |   0.0
        D:5 |      37 |     172 |  82.3 |       1 |       1 |  50.0
            +---------+---------+-------+---------+---------+-------
